LOS ANGELES vs EDMONTON

Created - July 7, 2021 at 10:23

Goals
1 2 3 T
LOS ANGELES 0 0 1 1
EDMONTON 2 0 1 3
Shots
1 2 3 T
LOS ANGELES 9 12 13 34
EDMONTON 16 4 10 30

1st period

1. EDMONTON , Justin Holl 3 (Anze Kopitar 5, Jason Demers 4) at 9:12 (PP)
2. EDMONTON , Anze Kopitar 3 (Phil Kessel 5, Oliver Ekman-Larsson 6) at 14:03 (PP)

Penalties :
Oliver Ekman-Larsson (EDM) for Roughing (Double Minor) at 0:26, Kris Letang (LOS) for Tripping (Minor) at 4:59, Jonathan Toews (LOS) for Hooking (Minor) at 8:44, Josh Manson (LOS) for Hooking (Minor) at 9:19, Ryan McDonagh (LOS) for Boarding (Minor) at 12:23

2nd period

No Goal

Penalties :
No Penalty

3rd period

3. LOS ANGELES , Mike Hoffman 4 (Kris Letang 4) at 6:18
4. EDMONTON , Anze Kopitar 4 (Jakub Voracek 5, Phil Kessel 6) at 18:12

Penalties :
Derek Forbort (EDM) for Hooking (Minor) at 7:01, Vladislav Namestnikov (LOS) for Hooking (Minor) at 19:29

Goalie Stats

Antti Raanta (LOS), 27 saves from 30 shots - (0.900), L, 4-4-2, 60:00 minutes
Darcy Kuemper (EDM), 33 saves from 34 shots - (0.971), W, 7-0-0, 60:00 minutes

Players Stats for LOS ANGELES

Player Name              G  A  P  +/- PIM S  H  SB GA TA FO     MP     PP MP  PK MP  
------------------------------------------------------------------------------------
Alex Goligoski           0  0  0  -1  0   3  0  1  0  0  0/0    20:57   3:35   2:24 
Artem Anisimov           0  0  0   0  0   2  1  0  0  0  1/2    13:31   0:00   0:00 
Gabriel Bourque          0  0  0   0  0   0  0  0  0  0  0/0     4:50   0:00   0:00 
Johnny Boychuk           0  0  0   0  0   1  0  1  0  0  0/0    14:47   0:00   0:00 
Jonathan Toews           0  0  0   0  2   3  0  0  0  0  9/15   20:05   3:35   3:34 
Josh Manson              0  0  0   0  2   0  0  1  0  0  0/0    16:35   0:00   1:49 
Kris Letang              0  1  1   1  2   2  0  0  0  0  0/0    22:46   2:23   2:43 
Matthew Tkachuk          0  0  0   0  0   0  2  0  0  0  1/1    18:31   2:23   0:00 
Mika Zibanejad           0  0  0   0  0   3  0  0  0  0  17/29  23:13   2:23   4:42 
Mike Hoffman             1  0  1   0  0   7  1  0  0  0  2/2    18:26   3:35   1:54 
Nick Bonino              0  0  0   0  0   3  0  0  0  0  0/1    16:32   3:35   0:00 
Nick Cousins             0  0  0   0  0   0  0  0  0  0  0/0     5:58   0:00   1:08 
Riley Nash               0  0  0   0  0   0  0  0  0  0  5/9     4:50   0:00   0:00 
Ryan McDonagh            0  0  0   1  2   1  0  2  0  0  0/0    21:55   2:23   3:12 
Tim Heed                 0  0  0   0  0   0  0  0  0  0  0/0     0:40   0:00   0:40 
Travis Zajac             0  0  0   0  0   2  3  0  0  0  9/15   13:31   0:00   0:00 
Tyler Seguin             0  0  0   0  0   1  2  0  0  0  3/3    20:25   2:23   1:54 
Vladislav Namestnikov    0  0  0   0  2   3  2  0  0  0  0/0    13:30   0:00   0:00 
Zdeno Chara              0  0  0  -1  0   3  1  4  0  0  0/0    22:17   3:35   2:24 

Players Stats for EDMONTON

Player Name              G  A  P  +/- PIM S  H  SB GA TA FO     MP     PP MP  PK MP  
------------------------------------------------------------------------------------
Anze Kopitar             2  1  3   1  0   6  1  0  0  0  11/26  22:16   4:02   2:49 
Carson Soucy             0  0  0   0  0   2  3  1  0  0  0/0    15:30   0:00   2:11 
Craig Smith              0  0  0   0  0   0  1  0  0  0  1/2    11:26   0:00   0:00 
Darren Helm              0  0  0   0  0   2  0  0  0  0  0/0     7:57   0:00   0:26 
David Perron             0  0  0  -1  0   1  1  0  0  0  1/3    15:50   2:34   0:12 
Derek Forbort            0  0  0   0  2   0  4  0  0  0  0/0    16:37   0:00   0:00 
Derek Ryan               0  0  0   0  0   0  1  0  0  0  9/21   14:23   0:00   2:57 
Jakub Voracek            0  1  1   1  0   0  2  1  0  0  0/0    19:27   4:02   0:00 
Jason Demers             0  1  1   0  0   1  1  0  0  0  0/0    22:39   2:49   3:12 
Josh Archibald           0  0  0   0  0   1  0  0  0  0  0/1    10:38   0:00   3:07 
Justin Holl              1  0  1   0  0   4  1  1  0  0  0/0    19:21   2:49   3:13 
Kyle Palmieri            0  0  0  -1  0   2  1  0  0  0  0/0    15:38   2:34   0:00 
Mathieu Perreault        0  0  0   0  0   0  1  0  0  0  1/6     7:31   0:00   0:00 
Oliver Ekman-Larsson     0  1  1   0  4   1  1  1  0  0  0/0    21:57   3:47   0:42 
Phil Kessel              0  2  2   1  0   2  3  0  0  0  1/2    19:27   4:02   0:00 
Travis Hamonic           0  0  0   0  0   2  1  3  0  0  0/0    23:54   3:47   2:38 
Tyler Johnson            0  0  0  -1  0   1  0  0  0  0  5/14   15:38   2:34   0:00 
Vincent Hinostroza       0  0  0   0  0   5  1  0  0  0  1/2    13:51   0:00   2:25 

3 Stars

1 - Anze Kopitar (EDM)
2 - Darcy Kuemper (EDM)
3 - Phil Kessel (EDM)

Power Play

LOS ANGELES - 0 on 3 Attempt(s) - 0.00%
EDMONTON - 2 on 5 Attempt(s) - 40.00%

Penalty Kill

LOS ANGELES - 3 on 5 Attempt(s) - 60.00% - Score 0 goal in Penalty Kill
EDMONTON - 3 on 3 Attempt(s) - 100.00% - Score 0 goal in Penalty Kill

Team Stat

LOS ANGELES - Hits : 12 - Faceoff Wins : 47 - Blocked Shots : 9 - Penalty Minutes : 10
EDMONTON - Hits : 23 - Faceoff Wins : 30 - Blocked Shots : 7 - Penalty Minutes : 6

Official

Referees : Kyle Liboiron and Shaun Young
Linesman : Andre Deblois and Ryan Gibbons

Game Notes

No Game Note

Finance

Level 1 -- Attendance: 5809 (96.82%) -- Ticket Income $580,900
Level 2 -- Attendance: 5000 (100.00%) -- Ticket Income $300,000
Level 3 -- Attendance: 2000 (100.00%) -- Ticket Income $70,000
Level 4 -- Attendance: 4000 (100.00%) -- Ticket Income $80,000
Luxury Box -- Attendance: 997 (99.70%) -- Ticket Income $199,400
Game was played at the Rogers Place.
Total Attendance: 17806 (98.92%)
Total Ticket Income: $1,230,300
Total Income: $1,230,300

LOS ANGELES

5 vs 5 Forward 
   Center                   Left Wing                Right Wing               Time % Phy DF OF 
 1 Mika Zibanejad           Tyler Seguin             Matthew Tkachuk          35     1   2  2  
 2 Jonathan Toews           Nick Bonino              Mike Hoffman             30     1   2  2  
 3 Travis Zajac             Vladislav Namestnikov    Artem Anisimov           25     1   2  2  
 4 Riley Nash               Nick Cousins             Gabriel Bourque          10     1   2  2  

5 vs 5 Defense 
   Defense                  Defense                                           Time % Phy DF OF 
 1 Kris Letang              Ryan McDonagh                                     35     1   2  2  
 2 Zdeno Chara              Alex Goligoski                                    30     1   2  2  
 3 Johnny Boychuk           Josh Manson                                       25     1   2  2  
 4 Zdeno Chara              Kris Letang                                       10     1   2  2  

PowerPlay Forward 
   Center                   Left Wing                Right Wing               Time % Phy DF OF 
 1 Mika Zibanejad           Tyler Seguin             Matthew Tkachuk          60     1   2  2  
 2 Jonathan Toews           Nick Bonino              Mike Hoffman             40     1   2  2  

PowerPlay Defense
   Defense                  Defense                                           Time % Phy DF OF 
 1 Kris Letang              Ryan McDonagh                                     60     1   2  2  
 2 Zdeno Chara              Alex Goligoski                                    40     1   2  2  

Penalty Kill 4 Players Forward 
   Center                   Wing                     Time % Phy DF OF 
 1 Mika Zibanejad           Jonathan Toews           60     1   2  2  
 2 Tyler Seguin             Mike Hoffman             40     1   2  2  

Penalty Kill 4 Players Defense
   Defense                  Defense                  Time % Phy DF OF 
 1 Kris Letang              Ryan McDonagh            60     1   2  2  
 2 Zdeno Chara              Alex Goligoski           40     1   2  2  

Penalty Kill - 3 Players Forward 
   Forward                                           Time % Phy DF OF 
 1 Mika Zibanejad                                    60     1   2  2  
 2 Jonathan Toews                                    40     1   2  2  

Penalty Kill - 3 Players Defense
   Defense                  Defense                  Time % Phy DF OF 
 1 Kris Letang              Ryan McDonagh            60     1   2  2  
 2 Zdeno Chara              Alex Goligoski           40     1   2  2  

4 vs 4 Forward 
   Center                   Wing                     Time % Phy DF OF 
 1 Mika Zibanejad           Jonathan Toews           60     1   2  2  
 2 Tyler Seguin             Matthew Tkachuk          40     1   2  2  

4 vs 4 Defense
   Defense                  Defense                  Time % Phy DF OF 
 1 Kris Letang              Ryan McDonagh            60     1   2  2  
 2 Zdeno Chara              Alex Goligoski           40     1   2  2  

Last Minutes Offensive
   Center                   Left Wing                Right Wing               Defense                  Defense                  
   Mika Zibanejad           Tyler Seguin             Mike Hoffman             Kris Letang              Ryan McDonagh            

Last Minutes Defensive
   Center                   Left Wing                Right Wing               Defense                  Defense                  
   Mika Zibanejad           Tyler Seguin             Mike Hoffman             Kris Letang              Ryan McDonagh            

Goaltenders
Starting : Antti Raanta             
Backup : Devin Williams           

Extra Forwards
Normal : Vladislav Namestnikov, Artem Anisimov, Nick Cousins - PP : Vladislav Namestnikov, Artem Anisimov - PK : Nick Cousins
Extra Defensemen
Normal : Johnny Boychuk, Josh Manson, Tim Heed - PP : Johnny Boychuk - PK : Josh Manson, Tim Heed
Penalty Shots
Mika Zibanejad, Jonathan Toews, Tyler Seguin, Mike Hoffman, Nick Bonino

Scratches
Valentin Zykov (Healthy), Jaroslav Halak (Healthy)

EDMONTON

5 vs 5 Forward 
   Center                   Left Wing                Right Wing               Time % Phy DF OF 
 1 Anze Kopitar             Jakub Voracek            Phil Kessel              35     1   2  2  
 2 Tyler Johnson            David Perron             Kyle Palmieri            30     1   2  2  
 3 Derek Ryan               Vincent Hinostroza       Craig Smith              25     1   2  2  
 4 Mathieu Perreault        Darren Helm              Josh Archibald           10     1   2  2  

5 vs 5 Defense 
   Defense                  Defense                                           Time % Phy DF OF 
 1 Oliver Ekman-Larsson     Travis Hamonic                                    35     1   2  2  
 2 Jason Demers             Derek Forbort                                     30     1   2  2  
 3 Justin Holl              Carson Soucy                                      25     1   2  2  
 4 Oliver Ekman-Larsson     Travis Hamonic                                    10     1   2  2  

PowerPlay Forward 
   Center                   Left Wing                Right Wing               Time % Phy DF OF 
 1 Anze Kopitar             Jakub Voracek            Phil Kessel              60     1   2  2  
 2 Tyler Johnson            David Perron             Kyle Palmieri            40     1   2  2  

PowerPlay Defense
   Defense                  Defense                                           Time % Phy DF OF 
 1 Oliver Ekman-Larsson     Travis Hamonic                                    60     1   2  2  
 2 Jason Demers             Justin Holl                                       40     1   2  2  

Penalty Kill 4 Players Forward 
   Center                   Wing                     Time % Phy DF OF 
 1 Anze Kopitar             Josh Archibald           60     1   2  2  
 2 Derek Ryan               Vincent Hinostroza       40     1   2  2  

Penalty Kill 4 Players Defense
   Defense                  Defense                  Time % Phy DF OF 
 1 Oliver Ekman-Larsson     Travis Hamonic           60     1   2  2  
 2 Jason Demers             Justin Holl              40     1   2  2  

Penalty Kill - 3 Players Forward 
   Forward                                           Time % Phy DF OF 
 1 Anze Kopitar                                      60     1   2  2  
 2 Derek Ryan                                        40     1   2  2  

Penalty Kill - 3 Players Defense
   Defense                  Defense                  Time % Phy DF OF 
 1 Oliver Ekman-Larsson     Travis Hamonic           60     1   2  2  
 2 Justin Holl              Derek Forbort            40     1   2  2  

4 vs 4 Forward 
   Center                   Wing                     Time % Phy DF OF 
 1 Anze Kopitar             Jakub Voracek            60     1   2  2  
 2 Phil Kessel              David Perron             40     1   2  2  

4 vs 4 Defense
   Defense                  Defense                  Time % Phy DF OF 
 1 Oliver Ekman-Larsson     Justin Holl              60     1   2  2  
 2 Jason Demers             Derek Forbort            40     1   2  2  

Last Minutes Offensive
   Center                   Left Wing                Right Wing               Defense                  Defense                  
   Anze Kopitar             Jakub Voracek            Phil Kessel              Oliver Ekman-Larsson     Travis Hamonic           

Last Minutes Defensive
   Center                   Left Wing                Right Wing               Defense                  Defense                  
   Anze Kopitar             Jakub Voracek            Phil Kessel              Oliver Ekman-Larsson     Travis Hamonic           

Goaltenders
Starting : Darcy Kuemper            
Backup : Henrik Lundqvist         

Extra Forwards
Normal : Vincent Hinostroza, Craig Smith, Derek Ryan - PP : Tyler Johnson, Craig Smith - PK : Derek Ryan
Extra Defensemen
Normal : Justin Holl, Carson Soucy, Jason Demers - PP : Justin Holl - PK : Carson Soucy, Jason Demers
Penalty Shots
Anze Kopitar, Jakub Voracek, Phil Kessel, David Perron, Kyle Palmieri

Scratches
EDM Cap Hit (Suspend), Martin Marincin (Healthy)

% Time on Ice - LOS ANGELES

Lines # - Real PCT - Wanted PCT - Time Play
Normal Forward
1 - 34% - 35% - 16:08
2 - 27% - 30% - 12:57
3 - 28% - 25% - 13:31
4 - 10% - 10% - 4:50
Normal Defense
1 - 34% - 35% - 16:21
2 - 32% - 30% - 14:58
3 - 31% - 25% - 14:47
4 - 3% - 10% - 1:20
PP Forward
1 - 40% - 60% - 2:23
2 - 60% - 40% - 3:35
PP Defense
1 - 40% - 60% - 2:23
2 - 60% - 40% - 3:35
PK Forward
1 - 71% - 60% - 4:42
2 - 29% - 40% - 1:54
PK Defense
1 - 64% - 60% - 4:12
2 - 36% - 40% - 2:24
PK3 Forward
1 - 0% - 60%
2 - 0% - 40%
PK3 Defense
1 - 0% - 60%
2 - 0% - 40%
44 Forward
1 - 0% - 60%
2 - 0% - 40%
44 Defense
1 - 0% - 60%
2 - 0% - 40%
Last Minute Offensive  - 0:00
Last Minute Defensive  - 0:00
Total
Forward - 60:00
Defense - 60:00

% Time on Ice - EDMONTON

Lines # - Real PCT - Wanted PCT - Time Play
Normal Forward
1 - 33% - 35% - 15:25
2 - 28% - 30% - 13:04
3 - 24% - 25% - 11:26
4 - 16% - 10% - 7:31
Normal Defense
1 - 33% - 35% - 15:27
2 - 35% - 30% - 16:38
3 - 28% - 25% - 13:19
4 - 4% - 10% - 2:02
PP Forward
1 - 61% - 60% - 4:02
2 - 39% - 40% - 2:34
PP Defense
1 - 57% - 60% - 3:47
2 - 43% - 40% - 2:49
PK Forward
1 - 59% - 60% - 3:33
2 - 41% - 40% - 2:25
PK Defense
1 - 51% - 60% - 3:02
2 - 49% - 40% - 2:56
PK3 Forward
1 - 0% - 60%
2 - 0% - 40%
PK3 Defense
1 - 0% - 60%
2 - 0% - 40%
44 Forward
1 - 0% - 60%
2 - 0% - 40%
44 Defense
1 - 0% - 60%
2 - 0% - 40%
Last Minute Offensive  - 0:00
Last Minute Defensive  - 0:00
Total
Forward - 60:00
Defense - 60:00

Play-by-Play

1st period


0:01 of 1st period - Anze Kopitar wins face-off versus Mika Zibanejad in neutral zone.
0:26 of 1st period - Double Minor Penalty to Oliver Ekman-Larsson for Roughing.
0:27 of 1st period - Anze Kopitar wins face-off versus Jonathan Toews in EDMONTON zone.
0:27 of 1st period - Anze Kopitar is hit by Mike Hoffman.
0:41 of 1st period - Shot by Mike Hoffman.
0:41 of 1st period - Shot Misses the Net.
0:43 of 1st period - Shot by Zdeno Chara.
0:43 of 1st period - Stopped by Darcy Kuemper without a rebound.
0:44 of 1st period - Mika Zibanejad wins face-off versus Anze Kopitar in EDMONTON zone.
1:22 of 1st period - Tyler Seguin is hit by Carson Soucy and loses puck.
1:53 of 1st period - Shot by Jonathan Toews.
1:53 of 1st period - Stopped by Darcy Kuemper with a rebound.
1:55 of 1st period - Shot by Mike Hoffman.
1:55 of 1st period - Stopped by Darcy Kuemper without a rebound.
1:56 of 1st period - Mike Hoffman wins face-off versus Derek Ryan in EDMONTON zone.
2:09 of 1st period - Shot by Jonathan Toews.
2:09 of 1st period - Deflect By Mike Hoffman.
2:09 of 1st period - Stopped by Darcy Kuemper without a rebound.
2:10 of 1st period - Mika Zibanejad wins face-off versus Anze Kopitar in EDMONTON zone.
2:34 of 1st period - Shot by Tyler Seguin.
2:34 of 1st period - Deflect By Mika Zibanejad.
2:34 of 1st period - Shot Misses the Net.
2:45 of 1st period - Icing by Mika Zibanejad.
2:46 of 1st period - Matthew Tkachuk wins face-off versus Derek Ryan in LOS ANGELES zone.
3:09 of 1st period - Icing by Alex Goligoski.
3:10 of 1st period - Anze Kopitar wins face-off versus Jonathan Toews in LOS ANGELES zone.
3:15 of 1st period - Shot by Carson Soucy.
3:15 of 1st period - Shot Misses the Net.
3:17 of 1st period - Shot by Travis Hamonic.
3:17 of 1st period - Stopped by Antti Raanta without a rebound.
3:18 of 1st period - Jonathan Toews wins face-off versus Derek Ryan in LOS ANGELES zone.
3:38 of 1st period - Shot by Mike Hoffman.
3:38 of 1st period - Stopped by Darcy Kuemper with a rebound.
4:47 of 1st period - David Perron is hit by Travis Zajac and loses puck.
4:52 of 1st period - Shot by Vladislav Namestnikov.
4:52 of 1st period - Stopped by Darcy Kuemper without a rebound.
4:53 of 1st period - Mika Zibanejad wins face-off versus Derek Ryan in EDMONTON zone.
4:59 of 1st period - Minor Penalty to Kris Letang for Tripping.
5:00 of 1st period - Mika Zibanejad wins face-off versus Anze Kopitar in LOS ANGELES zone.
5:00 of 1st period - Mika Zibanejad is hit by Phil Kessel.
5:26 of 1st period - Shot by Anze Kopitar.
5:26 of 1st period - Stopped by Antti Raanta with a rebound.
5:28 of 1st period - Shot by Oliver Ekman-Larsson.
5:28 of 1st period - Shot Misses the Net.
5:36 of 1st period - Shot by Jakub Voracek.
5:36 of 1st period - Shot Misses the Net.
5:38 of 1st period - Shot by Jakub Voracek.
5:38 of 1st period - Shot Misses the Net.
6:02 of 1st period - Shot by David Perron.
6:02 of 1st period - Shot Misses the Net.
6:04 of 1st period - Shot by Justin Holl.
6:04 of 1st period - Shot Blocked by Zdeno Chara.
6:18 of 1st period - Shot by Justin Holl.
6:18 of 1st period - Stopped by Antti Raanta without a rebound.
6:19 of 1st period - Mika Zibanejad wins face-off versus Anze Kopitar in LOS ANGELES zone.
7:18 of 1st period - Vincent Hinostroza is hit by Vladislav Namestnikov and loses puck.
7:34 of 1st period - Shot by Vincent Hinostroza.
7:34 of 1st period - Shot Misses the Net.
8:05 of 1st period - Shot by Josh Archibald.
8:05 of 1st period - Shot Misses the Net.
8:07 of 1st period - Shot by Josh Archibald.
8:07 of 1st period - Stopped by Antti Raanta without a rebound.
8:08 of 1st period - Tyler Johnson wins face-off versus Nick Bonino in LOS ANGELES zone.
8:44 of 1st period - Minor Penalty to Jonathan Toews for Hooking.
8:45 of 1st period - Mika Zibanejad wins face-off versus Anze Kopitar in LOS ANGELES zone.
9:06 of 1st period - Shot by Anze Kopitar.
9:06 of 1st period - Shot Misses the Net.
9:08 of 1st period - Shot by Anze Kopitar.
9:08 of 1st period - Shot Misses the Net.
9:10 of 1st period - Shot by Anze Kopitar.
9:10 of 1st period - Shot Misses the Net.
9:12 of 1st period - Shot by Justin Holl.
9:12 of 1st period - Goal by Justin Holl - LOS ANGELES : 0 - EDMONTON : 1.
9:13 of 1st period - Derek Ryan wins face-off versus Mika Zibanejad in neutral zone.
9:18 of 1st period - Shot by Craig Smith.
9:18 of 1st period - Shot Blocked by Josh Manson.
9:19 of 1st period - Minor Penalty to Josh Manson for Hooking.
9:20 of 1st period - David Perron wins face-off versus Mika Zibanejad in LOS ANGELES zone.
9:41 of 1st period - Shot by Oliver Ekman-Larsson.
9:41 of 1st period - Shot Misses the Net.
9:43 of 1st period - Shot by Kyle Palmieri.
9:43 of 1st period - Stopped by Antti Raanta with a rebound.
9:45 of 1st period - Shot by Travis Hamonic.
9:45 of 1st period - Shot Misses the Net.
9:47 of 1st period - Shot by David Perron.
9:47 of 1st period - Stopped by Antti Raanta without a rebound.
9:48 of 1st period - Mika Zibanejad wins face-off versus Anze Kopitar in LOS ANGELES zone.
9:48 of 1st period - Mika Zibanejad is hit by Phil Kessel.
9:58 of 1st period - Shot by Phil Kessel.
9:58 of 1st period - Shot Misses the Net.
10:00 of 1st period - Shot by Jason Demers.
10:00 of 1st period - Shot Misses the Net.
10:02 of 1st period - Shot by Justin Holl.
10:02 of 1st period - Stopped by Antti Raanta without a rebound.
10:03 of 1st period - Tyler Seguin wins face-off versus David Perron in LOS ANGELES zone.
10:47 of 1st period - Shot by Phil Kessel.
10:47 of 1st period - Shot Blocked by Ryan McDonagh.
11:11 of 1st period - Shot by Anze Kopitar.
11:11 of 1st period - Stopped by Antti Raanta with a rebound.
11:13 of 1st period - Shot by Oliver Ekman-Larsson.
11:13 of 1st period - Shot Misses the Net.
11:15 of 1st period - Shot by Oliver Ekman-Larsson.
11:15 of 1st period - Shot Misses the Net.
11:17 of 1st period - Shot by Oliver Ekman-Larsson.
11:17 of 1st period - Stopped by Antti Raanta without a rebound.
11:18 of 1st period - Tyler Seguin wins face-off versus Tyler Johnson in LOS ANGELES zone.
11:42 of 1st period - Shot by Artem Anisimov.
11:42 of 1st period - Stopped by Darcy Kuemper without a rebound.
11:43 of 1st period - Riley Nash wins face-off versus Josh Archibald in EDMONTON zone.
12:07 of 1st period - Darren Helm is hit by Zdeno Chara and loses puck.
12:18 of 1st period - Shot by Darren Helm.
12:18 of 1st period - Stopped by Antti Raanta without a rebound.
12:19 of 1st period - Mika Zibanejad wins face-off versus Anze Kopitar in LOS ANGELES zone.
12:23 of 1st period - Minor Penalty to Ryan McDonagh for Boarding.
12:24 of 1st period - Mika Zibanejad wins face-off versus Phil Kessel in LOS ANGELES zone.
12:24 of 1st period - Mika Zibanejad is hit by Anze Kopitar.
12:40 of 1st period - Shot by Phil Kessel.
12:40 of 1st period - Shot Misses the Net.
12:42 of 1st period - Shot by Travis Hamonic.
12:42 of 1st period - Shot Misses the Net.
12:44 of 1st period - Shot by Anze Kopitar.
12:44 of 1st period - Shot Misses the Net.
12:46 of 1st period - Shot by Anze Kopitar.
12:46 of 1st period - Stopped by Antti Raanta without a rebound.
12:47 of 1st period - Tyler Seguin wins face-off versus Tyler Johnson in LOS ANGELES zone.
14:03 of 1st period - Shot by Anze Kopitar.
14:03 of 1st period - Goal by Anze Kopitar - LOS ANGELES : 0 - EDMONTON : 2.
14:04 of 1st period - Travis Zajac wins face-off versus Derek Ryan in neutral zone.
14:07 of 1st period - Derek Forbort is hit by Travis Zajac and loses puck.
14:21 of 1st period - Travis Zajac is hit by Derek Forbort and loses puck.
15:48 of 1st period - Shot by Mika Zibanejad.
15:48 of 1st period - Shot Blocked by Carson Soucy.
15:50 of 1st period - Shot by Alex Goligoski.
15:50 of 1st period - Stopped by Darcy Kuemper without a rebound.
15:51 of 1st period - Tyler Johnson wins face-off versus Jonathan Toews in EDMONTON zone.
17:17 of 1st period - Icing by Nick Cousins.
17:18 of 1st period - Derek Ryan wins face-off versus Riley Nash in LOS ANGELES zone.
17:43 of 1st period - Shot by Vincent Hinostroza.
17:43 of 1st period - Stopped by Antti Raanta without a rebound.
17:44 of 1st period - Mathieu Perreault wins face-off versus Jonathan Toews in LOS ANGELES zone.
17:49 of 1st period - Shot by Darren Helm.
17:49 of 1st period - Shot Blocked by Ryan McDonagh.
17:51 of 1st period - Shot by Jason Demers.
17:51 of 1st period - Shot Misses the Net.
18:51 of 1st period - Off-side.
18:52 of 1st period - Mika Zibanejad wins face-off versus Tyler Johnson in neutral zone.
18:59 of 1st period - Shot by Mika Zibanejad.
18:59 of 1st period - Stopped by Darcy Kuemper with a rebound.
19:05 of 1st period - Shot by Kyle Palmieri.
19:05 of 1st period - Shot Misses the Net.
19:07 of 1st period - Shot by Carson Soucy.
19:07 of 1st period - Stopped by Antti Raanta with a rebound.
19:28 of 1st period - Shot by Kyle Palmieri.
19:28 of 1st period - Shot Misses the Net.
19:30 of 1st period - Shot by Justin Holl.
19:30 of 1st period - Shot Misses the Net.
19:46 of 1st period - Shot by Anze Kopitar.
19:46 of 1st period - Deflect By Phil Kessel.
19:46 of 1st period - Stopped by Antti Raanta without a rebound.
19:47 of 1st period - Derek Ryan wins face-off versus Travis Zajac in LOS ANGELES zone.
19:59 of 1st period - Vladislav Namestnikov is hit by Derek Forbort and loses puck.
Goals for this period are 0 for LOS ANGELES vs 2 for EDMONTON.
Shots for this period are 9 for LOS ANGELES vs 16 for EDMONTON.

2nd period


0:01 of 2nd period - Phil Kessel wins face-off versus Mika Zibanejad in neutral zone.
0:28 of 2nd period - Oliver Ekman-Larsson is hit by Matthew Tkachuk and loses puck.
1:28 of 2nd period - Shot by Mike Hoffman.
1:28 of 2nd period - Stopped by Darcy Kuemper without a rebound.
1:29 of 2nd period - Tyler Johnson wins face-off versus Travis Zajac in EDMONTON zone.
1:36 of 2nd period - Icing by Vladislav Namestnikov.
1:37 of 2nd period - Artem Anisimov wins face-off versus Tyler Johnson in LOS ANGELES zone.
1:42 of 2nd period - David Perron is hit by Travis Zajac and loses puck.
2:11 of 2nd period - Shot by Tyler Johnson.
2:11 of 2nd period - Shot Misses the Net.
2:26 of 2nd period - Johnny Boychuk is hit by Derek Forbort and loses puck.
2:42 of 2nd period - Artem Anisimov is hit by Vincent Hinostroza and loses puck.
2:50 of 2nd period - Icing by Justin Holl.
2:51 of 2nd period - Mika Zibanejad wins face-off versus Derek Ryan in EDMONTON zone.
3:16 of 2nd period - Shot by Vincent Hinostroza.
3:16 of 2nd period - Shot Misses the Net.
4:10 of 2nd period - Shot by Mike Hoffman.
4:10 of 2nd period - Deflect By Jonathan Toews.
4:10 of 2nd period - Shot Misses the Net.
4:12 of 2nd period - Shot by Alex Goligoski.
4:12 of 2nd period - Stopped by Darcy Kuemper without a rebound.
4:13 of 2nd period - Riley Nash wins face-off versus Anze Kopitar in EDMONTON zone.
4:40 of 2nd period - Shot by Phil Kessel.
4:40 of 2nd period - Shot Misses the Net.
4:42 of 2nd period - Shot by Travis Hamonic.
4:42 of 2nd period - Stopped by Antti Raanta without a rebound.
4:43 of 2nd period - Jonathan Toews wins face-off versus Tyler Johnson in LOS ANGELES zone.
6:03 of 2nd period - Icing by Jason Demers.
6:04 of 2nd period - Travis Zajac wins face-off versus Tyler Johnson in EDMONTON zone.
6:13 of 2nd period - Icing by Zdeno Chara.
6:14 of 2nd period - Travis Zajac wins face-off versus Anze Kopitar in LOS ANGELES zone.
6:39 of 2nd period - Shot by Vladislav Namestnikov.
6:39 of 2nd period - Stopped by Darcy Kuemper with a rebound.
6:53 of 2nd period - Shot by Zdeno Chara.
6:53 of 2nd period - Stopped by Darcy Kuemper without a rebound.
6:54 of 2nd period - Craig Smith wins face-off versus Mika Zibanejad in EDMONTON zone.
6:54 of 2nd period - Vincent Hinostroza is hit by Matthew Tkachuk and loses puck.
6:59 of 2nd period - Shot by Tyler Seguin.
6:59 of 2nd period - Deflect By Mika Zibanejad.
6:59 of 2nd period - Shot Misses the Net.
7:01 of 2nd period - Shot by Ryan McDonagh.
7:01 of 2nd period - Stopped by Darcy Kuemper without a rebound.
7:02 of 2nd period - Derek Ryan wins face-off versus Mika Zibanejad in EDMONTON zone.
7:07 of 2nd period - Ryan McDonagh is hit by Derek Ryan and loses puck.
7:12 of 2nd period - Shot by Craig Smith.
7:12 of 2nd period - Shot Misses the Net.
7:17 of 2nd period - Kris Letang is hit by Carson Soucy and loses puck.
8:12 of 2nd period - Shot by Jonathan Toews.
8:12 of 2nd period - Stopped by Darcy Kuemper without a rebound.
8:13 of 2nd period - Anze Kopitar wins face-off versus Travis Zajac in EDMONTON zone.
8:18 of 2nd period - Josh Manson is hit by Jakub Voracek and loses puck.
8:33 of 2nd period - Shot by Phil Kessel.
8:33 of 2nd period - Stopped by Antti Raanta without a rebound.
8:34 of 2nd period - Mike Hoffman wins face-off versus Tyler Johnson in LOS ANGELES zone.
9:58 of 2nd period - Shot by Mika Zibanejad.
9:58 of 2nd period - Stopped by Darcy Kuemper without a rebound.
9:59 of 2nd period - Travis Zajac wins face-off versus Anze Kopitar in EDMONTON zone.
10:10 of 2nd period - Shot by Travis Zajac.
10:10 of 2nd period - Shot Misses the Net.
10:12 of 2nd period - Shot by Artem Anisimov.
10:12 of 2nd period - Shot Blocked by Jakub Voracek.
10:14 of 2nd period - Shot by Johnny Boychuk.
10:14 of 2nd period - Stopped by Darcy Kuemper without a rebound.
10:15 of 2nd period - Vincent Hinostroza wins face-off versus Riley Nash in EDMONTON zone.
10:17 of 2nd period - Icing by Craig Smith.
10:18 of 2nd period - Jonathan Toews wins face-off versus Derek Ryan in EDMONTON zone.
10:23 of 2nd period - Shot by Jonathan Toews.
10:23 of 2nd period - Shot Misses the Net.
10:34 of 2nd period - Shot by Vincent Hinostroza.
10:34 of 2nd period - Stopped by Antti Raanta with a rebound.
10:36 of 2nd period - Shot by Derek Ryan.
10:36 of 2nd period - Deflect By Craig Smith.
10:36 of 2nd period - Shot Blocked by Zdeno Chara.
10:38 of 2nd period - Shot by Justin Holl.
10:38 of 2nd period - Stopped by Antti Raanta without a rebound.
10:39 of 2nd period - Anze Kopitar wins face-off versus Mika Zibanejad in LOS ANGELES zone.
10:44 of 2nd period - Shot by Phil Kessel.
10:44 of 2nd period - Shot Misses the Net.
11:08 of 2nd period - Shot by Tyler Seguin.
11:08 of 2nd period - Stopped by Darcy Kuemper with a rebound.
11:35 of 2nd period - Icing by Mike Hoffman.
11:36 of 2nd period - Jonathan Toews wins face-off versus Derek Ryan in LOS ANGELES zone.
11:47 of 2nd period - Icing by Derek Ryan.
11:48 of 2nd period - Derek Ryan wins face-off versus Travis Zajac in EDMONTON zone.
11:57 of 2nd period - Shot by Derek Ryan.
11:57 of 2nd period - Shot Misses the Net.
12:20 of 2nd period - Icing by Alex Goligoski.
12:21 of 2nd period - Travis Zajac wins face-off versus David Perron in LOS ANGELES zone.
12:37 of 2nd period - Travis Zajac is hit by Derek Forbort.
13:04 of 2nd period - Jason Demers is hit by Tyler Seguin and loses puck.
14:00 of 2nd period - Icing by Ryan McDonagh.
14:01 of 2nd period - Mika Zibanejad wins face-off versus Craig Smith in LOS ANGELES zone.
14:18 of 2nd period - Shot by Craig Smith.
14:18 of 2nd period - Shot Misses the Net.
14:20 of 2nd period - Shot by Craig Smith.
14:20 of 2nd period - Shot Misses the Net.
14:22 of 2nd period - Shot by Vincent Hinostroza.
14:22 of 2nd period - Shot Misses the Net.
14:24 of 2nd period - Shot by Justin Holl.
14:24 of 2nd period - Shot Misses the Net.
15:07 of 2nd period - Shot by Travis Zajac.
15:07 of 2nd period - Stopped by Darcy Kuemper with a rebound.
15:09 of 2nd period - Shot by Travis Zajac.
15:09 of 2nd period - Deflect By Artem Anisimov.
15:09 of 2nd period - Shot Misses the Net.
15:14 of 2nd period - Icing by Jason Demers.
15:15 of 2nd period - Riley Nash wins face-off versus Mathieu Perreault in EDMONTON zone.
16:12 of 2nd period - Darren Helm is hit by Vladislav Namestnikov and loses puck.
16:24 of 2nd period - Icing by Johnny Boychuk.
16:25 of 2nd period - Travis Zajac wins face-off versus Anze Kopitar in LOS ANGELES zone.
16:25 of 2nd period - Josh Manson is hit by Jakub Voracek and loses puck.
16:52 of 2nd period - Shot by Jakub Voracek.
16:52 of 2nd period - Deflect By Anze Kopitar.
16:52 of 2nd period - Shot Misses the Net.
16:54 of 2nd period - Shot by Anze Kopitar.
16:54 of 2nd period - Shot Blocked by Johnny Boychuk.
17:15 of 2nd period - Vladislav Namestnikov is hit by Carson Soucy and loses puck.
17:52 of 2nd period - Shot by Jonathan Toews.
17:52 of 2nd period - Stopped by Darcy Kuemper without a rebound.
17:53 of 2nd period - Mika Zibanejad wins face-off versus Derek Ryan in EDMONTON zone.
18:18 of 2nd period - Shot by Zdeno Chara.
18:18 of 2nd period - Shot Blocked by Travis Hamonic.
18:27 of 2nd period - Icing by Zdeno Chara.
18:28 of 2nd period - Anze Kopitar wins face-off versus Mika Zibanejad in LOS ANGELES zone.
18:29 of 2nd period - Shot by Phil Kessel.
18:29 of 2nd period - Shot Blocked by Alex Goligoski.
18:37 of 2nd period - Shot by Mika Zibanejad.
18:37 of 2nd period - Shot Misses the Net.
19:29 of 2nd period - Icing by Kris Letang.
19:30 of 2nd period - Jonathan Toews wins face-off versus Tyler Johnson in LOS ANGELES zone.
19:45 of 2nd period - Shot by Nick Bonino.
19:45 of 2nd period - Stopped by Darcy Kuemper without a rebound.
19:46 of 2nd period - Derek Ryan wins face-off versus Riley Nash in EDMONTON zone.
Goals for this period are 0 for LOS ANGELES vs 0 for EDMONTON.
Shots for this period are 12 for LOS ANGELES vs 4 for EDMONTON.

3rd period


0:01 of 3rd period - Anze Kopitar wins face-off versus Mika Zibanejad in neutral zone.
0:49 of 3rd period - Tyler Seguin is hit by Oliver Ekman-Larsson and loses puck.
1:15 of 3rd period - Shot by Zdeno Chara.
1:15 of 3rd period - Stopped by Darcy Kuemper without a rebound.
1:16 of 3rd period - Travis Zajac wins face-off versus Derek Ryan in EDMONTON zone.
1:49 of 3rd period - Shot by Vincent Hinostroza.
1:49 of 3rd period - Stopped by Antti Raanta without a rebound.
1:50 of 3rd period - Tyler Johnson wins face-off versus Jonathan Toews in LOS ANGELES zone.
1:59 of 3rd period - Shot by Kyle Palmieri.
1:59 of 3rd period - Stopped by Antti Raanta without a rebound.
2:00 of 3rd period - Riley Nash wins face-off versus Mathieu Perreault in LOS ANGELES zone.
2:21 of 3rd period - Shot by Riley Nash.
2:21 of 3rd period - Shot Misses the Net.
3:19 of 3rd period - Tyler Seguin is hit by Travis Hamonic.
3:27 of 3rd period - Shot by Matthew Tkachuk.
3:27 of 3rd period - Shot Misses the Net.
3:29 of 3rd period - Shot by Johnny Boychuk.
3:29 of 3rd period - Shot Blocked by Travis Hamonic.
4:06 of 3rd period - Shot by Nick Bonino.
4:06 of 3rd period - Stopped by Darcy Kuemper with a rebound.
4:47 of 3rd period - Icing by Anze Kopitar.
4:48 of 3rd period - Anze Kopitar wins face-off versus Travis Zajac in EDMONTON zone.
5:13 of 3rd period - Shot by Travis Zajac.
5:13 of 3rd period - Shot Misses the Net.
5:15 of 3rd period - Shot by Alex Goligoski.
5:15 of 3rd period - Shot Blocked by Travis Hamonic.
5:17 of 3rd period - Shot by Vladislav Namestnikov.
5:17 of 3rd period - Shot Blocked by Oliver Ekman-Larsson.
5:19 of 3rd period - Shot by Alex Goligoski.
5:19 of 3rd period - Shot Misses the Net.
5:26 of 3rd period - Icing by Oliver Ekman-Larsson.
5:27 of 3rd period - Anze Kopitar wins face-off versus Mika Zibanejad in EDMONTON zone.
5:40 of 3rd period - Jason Demers is hit by Tyler Seguin and loses puck.
5:57 of 3rd period - Shot by Mika Zibanejad.
5:57 of 3rd period - Stopped by Darcy Kuemper with a rebound.
6:18 of 3rd period - Shot by Mike Hoffman.
6:18 of 3rd period - Goal by Mike Hoffman - LOS ANGELES : 1 - EDMONTON : 2.
6:19 of 3rd period - Derek Ryan wins face-off versus Jonathan Toews in neutral zone.
6:40 of 3rd period - Shot by Vincent Hinostroza.
6:40 of 3rd period - Stopped by Antti Raanta with a rebound.
6:42 of 3rd period - Shot by Carson Soucy.
6:42 of 3rd period - Stopped by Antti Raanta without a rebound.
6:43 of 3rd period - Travis Zajac wins face-off versus Mathieu Perreault in LOS ANGELES zone.
6:43 of 3rd period - Travis Zajac is hit by Mathieu Perreault.
6:59 of 3rd period - Shot by Travis Zajac.
6:59 of 3rd period - Shot Misses the Net.
7:01 of 3rd period - Shot by Travis Zajac.
7:01 of 3rd period - Stopped by Darcy Kuemper without a rebound.
7:01 of 3rd period - Minor Penalty to Derek Forbort for Hooking.
7:02 of 3rd period - Mika Zibanejad wins face-off versus Derek Ryan in EDMONTON zone.
7:07 of 3rd period - Shot by Mika Zibanejad.
7:07 of 3rd period - Shot Misses the Net.
7:09 of 3rd period - Shot by Kris Letang.
7:09 of 3rd period - Stopped by Darcy Kuemper without a rebound.
7:10 of 3rd period - Mika Zibanejad wins face-off versus Derek Ryan in EDMONTON zone.
7:20 of 3rd period - Matthew Tkachuk is hit by Justin Holl and loses puck.
7:37 of 3rd period - Shot by Kris Letang.
7:37 of 3rd period - Deflect By Matthew Tkachuk.
7:37 of 3rd period - Shot Misses the Net.
7:39 of 3rd period - Shot by Kris Letang.
7:39 of 3rd period - Shot Misses the Net.
7:41 of 3rd period - Shot by Kris Letang.
7:41 of 3rd period - Stopped by Darcy Kuemper without a rebound.
7:42 of 3rd period - Jonathan Toews wins face-off versus Anze Kopitar in EDMONTON zone.
7:51 of 3rd period - Shot by Alex Goligoski.
7:51 of 3rd period - Stopped by Darcy Kuemper without a rebound.
7:52 of 3rd period - Jonathan Toews wins face-off versus Anze Kopitar in EDMONTON zone.
7:57 of 3rd period - Shot by Mike Hoffman.
7:57 of 3rd period - Shot Misses the Net.
9:18 of 3rd period - Shot by Tyler Johnson.
9:18 of 3rd period - Stopped by Antti Raanta without a rebound.
9:19 of 3rd period - Derek Ryan wins face-off versus Mika Zibanejad in LOS ANGELES zone.
9:33 of 3rd period - Ryan McDonagh is hit by Craig Smith and loses puck.
9:48 of 3rd period - Shot by Mika Zibanejad.
9:48 of 3rd period - Shot Misses the Net.
10:35 of 3rd period - Shot by Artem Anisimov.
10:35 of 3rd period - Stopped by Darcy Kuemper without a rebound.
10:36 of 3rd period - Riley Nash wins face-off versus Anze Kopitar in EDMONTON zone.
11:05 of 3rd period - Shot by Anze Kopitar.
11:05 of 3rd period - Shot Misses the Net.
11:07 of 3rd period - Shot by Jason Demers.
11:07 of 3rd period - Stopped by Antti Raanta without a rebound.
11:08 of 3rd period - Jonathan Toews wins face-off versus Mathieu Perreault in LOS ANGELES zone.
11:23 of 3rd period - Shot by Nick Bonino.
11:23 of 3rd period - Shot Blocked by Justin Holl.
11:33 of 3rd period - Shot by Mike Hoffman.
11:33 of 3rd period - Stopped by Darcy Kuemper without a rebound.
11:34 of 3rd period - Tyler Johnson wins face-off versus Mika Zibanejad in EDMONTON zone.
12:03 of 3rd period - Shot by Mika Zibanejad.
12:03 of 3rd period - Shot Misses the Net.
12:54 of 3rd period - Shot by Nick Bonino.
12:54 of 3rd period - Deflect By Mike Hoffman.
12:54 of 3rd period - Stopped by Darcy Kuemper without a rebound.
12:55 of 3rd period - Anze Kopitar wins face-off versus Travis Zajac in EDMONTON zone.
12:55 of 3rd period - Jakub Voracek is hit by Artem Anisimov.
12:56 of 3rd period - Icing by Jakub Voracek.
12:57 of 3rd period - Anze Kopitar wins face-off versus Artem Anisimov in EDMONTON zone.
13:42 of 3rd period - Josh Manson is hit by Phil Kessel.
14:11 of 3rd period - Jonathan Toews is hit by Jason Demers and loses puck.
15:53 of 3rd period - Shot by Darren Helm.
15:53 of 3rd period - Stopped by Antti Raanta without a rebound.
15:54 of 3rd period - Travis Zajac wins face-off versus Tyler Johnson in LOS ANGELES zone.
15:54 of 3rd period - Travis Zajac is hit by Kyle Palmieri.
16:30 of 3rd period - Artem Anisimov is hit by David Perron and loses puck.
17:03 of 3rd period - Shot by Nick Bonino.
17:03 of 3rd period - Stopped by Darcy Kuemper without a rebound.
17:04 of 3rd period - Derek Ryan wins face-off versus Riley Nash in EDMONTON zone.
17:18 of 3rd period - Icing by Oliver Ekman-Larsson.
17:19 of 3rd period - Jonathan Toews wins face-off versus Vincent Hinostroza in EDMONTON zone.
17:50 of 3rd period - Shot by Craig Smith.
17:50 of 3rd period - Shot Blocked by Zdeno Chara.
17:52 of 3rd period - Shot by Craig Smith.
17:52 of 3rd period - Shot Blocked by Zdeno Chara.
17:54 of 3rd period - Shot by Vincent Hinostroza.
17:54 of 3rd period - Stopped by Antti Raanta with a rebound.
18:08 of 3rd period - Shot by Jakub Voracek.
18:08 of 3rd period - Shot Misses the Net.
18:10 of 3rd period - Shot by Anze Kopitar.
18:10 of 3rd period - Stopped by Antti Raanta with a rebound.
18:12 of 3rd period - Shot by Anze Kopitar.
18:12 of 3rd period - Goal by Anze Kopitar - LOS ANGELES : 1 - EDMONTON : 3.
18:13 of 3rd period - Mika Zibanejad wins face-off versus Mathieu Perreault in neutral zone.
19:16 of 3rd period - Shot by Vladislav Namestnikov.
19:16 of 3rd period - Shot Misses the Net.
19:28 of 3rd period - Shot by Vladislav Namestnikov.
19:28 of 3rd period - Stopped by Darcy Kuemper with a rebound.
19:29 of 3rd period - Minor Penalty to Vladislav Namestnikov for Hooking.
19:30 of 3rd period - Mika Zibanejad wins face-off versus Anze Kopitar in LOS ANGELES zone.
19:42 of 3rd period - Shot by Anze Kopitar.
19:42 of 3rd period - Shot Misses the Net.
Goals for this period are 1 for LOS ANGELES vs 1 for EDMONTON.
Shots for this period are 13 for LOS ANGELES vs 10 for EDMONTON.